 Dungeon Crawl Stone Soup version 0.30-a0-857-gcaf70739d4 (webtiles) character file.

Game seed: 11949125418981844281

175 NinjaNoafa the Trooper (level 5, 0/43 HPs)
             Began as a Human Wanderer on Mar 5, 2023.
             Was an Initiate of Cheibriados.
             Slain by an orc wizard
             ... wielding a +0 dagger
              (3 damage)
             ... on level 4 of the Dungeon on Mar 6, 2023.
             The game lasted 00:16:35 (2604 turns).

NinjaNoafa the Trooper (Human Wanderer)             Turns: 2604, Time: 00:16:35

Health: 0/43       AC:  3    Str: 16    XL:     5   Next: 85%
Magic:  1/7        EV: 12    Int: 18    God:    Cheibriados [......]
Gold:   209        SH:  0    Dex: 14    Spells: 5/6 levels left

rFire   . . .      SeeInvis .    a - +3 spear
rCold   . . .      Faith    .    (no shield)
rNeg    . . .      Spirit   .    y - +0 robe
rPois   .          Reflect  .    (no helmet)
rElec   .          Rampage  .    b - +0 cloak
rCorr   .                        (no gloves)
Will    .....                    (no boots)
Stlth   +                        (no amulet)
HPRegen 0.27/turn                o - +6 ring of intelligence
MPRegen 0.10/turn                (no ring)

@: very slow
A: no striking features
a: Renounce Religion


You were on level 4 of the Dungeon.
You worshipped Cheibriados.
Cheibriados was noncommittal.
You visited 1 branch of the dungeon, and saw 4 of its levels.

You collected 209 gold pieces.

Inventory:

Hand Weapons
 a - a +3 spear (weapon)
Missiles
 i - 4 javelins (quivered)
 r - 5 poisoned darts
Armour
 b - a +0 cloak (worn)
 y - a +0 robe (worn)
Magical Staves
 q - a staff of fire
Jewellery
 o - a +6 ring of intelligence (left hand)
Scrolls
 c - 2 scrolls of summoning
 e - 3 scrolls of fog {unknown}
 g - a scroll of vulnerability {unknown}
 j - a scroll of poison {unknown}
 l - 2 scrolls of amnesia {unknown}
 m - a scroll of brand weapon {unknown}
 n - a scroll of teleportation {unknown}
 t - a scroll of identify {unknown}
 v - a scroll of magic mapping {unknown}
 w - a scroll of noise {unknown}
Potions
 f - 2 potions of might {unknown}
 h - a potion of brilliance {unknown}
 k - a potion of attraction {unknown}
 s - a potion of invisibility {unknown}
 u - 2 potions of curing {unknown}
 x - a potion of mutation {unknown}


   Skills:
 - Level 4.7 Fighting
 - Level 3.4 Polearms
 - Level 1.0 Ranged Weapons
 - Level 1.8 Armour
 - Level 2.3 Dodging
 + Level 1.3 Spellcasting
 + Level 1.5 Ice Magic
 - Level 1.0 Invocations


You had 5 spell levels left.
You knew the following spells:

 Your Spells              Type           Power      Damage    Failure   Level
a - Freeze                Ice            24%        1d4       10%         1

Your spell library contained the following spells:

 Spells                   Type           Power      Damage    Failure   Level
 Frozen Ramparts          Ice            12%        1d2       30%         3
 Hailstorm                Conj/Ice       4%         3d4       38%         3


Dungeon Overview and Level Annotations

Branches:
Dungeon (4/15)
 Temple: D:4-7

Altars:
Cheibriados


Message History

The orc hits you with a +0 hand axe.
* * * LOW HITPOINT WARNING * * *
The orc closely misses you.
The orc wizard hits you with a +0 dagger.
* * * LOW HITPOINT WARNING * * *
You barely miss the orc.
The orc is almost dead.
The orc hits you with a +0 hand axe.
* * * LOW HITPOINT WARNING * * *
The orc hits you with a +0 trident.
* * * LOW HITPOINT WARNING * * *
The orc wizard hits you with a +0 dagger.
* * * LOW HITPOINT WARNING * * *
Casting: Freeze (safe; 11% risk of failure)
Confirm with . or Enter, or press ? or * to list all spells.
Aiming: Freeze (safe; 11% risk of failure)
Press: ? - help, Shift-Dir - straight line, f - orc
Aim: an orc, wielding a +0 trident (almost dead)
You freeze the orc.
You kill the orc!
Cheibriados appreciates the change of pace.
The orc barely misses you.
The orc wizard hits you with a +0 dagger.
* * * LOW HITPOINT WARNING * * *
Casting: Freeze (safe; 10% risk of failure)
Confirm with . or Enter, or press ? or * to list all spells.
Aiming: Freeze (safe; 10% risk of failure)
Press: ? - help, Shift-Dir - straight line, f - orc
Aim: an orc, wielding a +0 hand axe and wearing a +0 ring mail You freeze the orc.
The orc is heavily wounded.
The orc misses you.
The orc wizard hits you with a +0 dagger.
* * * LOW HITPOINT WARNING * * *
You hit the orc.
The orc is heavily wounded.
The orc hits you with a +0 hand axe.
* * * LOW HITPOINT WARNING * * *
The orc wizard hits you with a +0 dagger.
You die...

#...# .. #...# ... #...# #...
#...# #...###...# #####
..........#######...## ...
#..........o)..#..........#
....#..........)@..#..........#
....#..........o...#..........#
...# #..##..####'####.).###..####
...###..##..###..####...###..##..
.................................
.................................
..."..†............).)...........
##'###########.......)...........
.............#...##.))...........


You could see an orc wizard and an orc.

Vanquished Creatures
  An iguana (D:4)
  An orc wizard (D:4)
  3 adders (D:3)
  2 worms
  2 dart slugs (D:3)
  6 orcs (D:4)
  5 ball pythons
  7 endoplasms
  6 giant cockroaches
  12 goblins
  6 hobgoblins
  3 jackals (D:3)
  5 quokkas
  3 bats
  3 frilled lizards
  7 kobolds
  4 rats
76 creatures vanquished.

Vanquished Creatures (others)
  2 plants (D:2)
2 creatures vanquished.

Grand Total: 78 creatures vanquished

Notes
Turn   | Place    | Note
-------+----------+-------------------------------------------
     0 | D:1      | NinjaNoafa the Human Wanderer began the quest for the Orb.
     0 | D:1      | NinjaNoafa set off with the following items: a +3 spear, a
                  | +0 sling, a scroll of summoning, a +0 leather armour.
     0 | D:1      | Reached XP level 1. HP: 19/19 MP: 1/1
   247 | D:1      | Reached XP level 2. HP: 25/25 MP: 2/2
   467 | D:1      | Reached skill level 1 in Dodging
   540 | D:1      | Reached XP level 3. HP: 30/30 MP: 3/3
  1066 | D:2      | Found a faded altar of an unknown god.
  1494 | D:3      | Reached XP level 4. HP: 36/38 MP: 4/4
  1898 | D:3      | Reached XP level 5. HP: 35/43 MP: 5/5
  2338 | D:4      | Reached skill level 1 in Ice Magic
  2415 | D:4      | Reached skill level 1 in Spellcasting
  2425 | D:4      | Found a snail-covered altar of Cheibriados.
  2482 | D:4      | Became a worshipper of Cheibriados the Contemplative
  2497 | D:4      | Learned a level 1 spell: Freeze
  2604 | D:4      | Slain by an orc wizard

Illustrated notes

Levels and vault maps discovered:
D:1:      moated_graveyard_arrival, layout_basic, kennysheep_minor_cross
D:2:      layout_loops_ring, shapermc_ecumenical_altar_mp_urbaneastern
D:3:      layout_loops_ring, kennysheep_crisscross, minmay_close_crescents
D:4:      layout_gridville, nicolae_overflow_crystal_walls

Skill      XL: |  1  2  3  4  5 |
---------------+----------------+-----
Dodging        | 1 2 |  2.3
Ice Magic      | 1 |  1.5
Spellcasting   | 1 |  1.3
Fighting       | |  4.7
Polearms       | |  3.4
Ranged Weapons | |  1.0
Armour         | |  1.8
Invocations    | |  1.0

Action                     |  1- 3 |  4- 6 || total
---------------------------+-------+-------++-------
  Melee: Spear             |   149 |   118 ||   267
         Punch             |       |     1 ||     1
  Throw: Javelin           |       |     3 ||     3
   Cast: Freeze            |       |     6 ||     6
   Stab: Sleeping          |     1 |     2 ||     3
 Armour: Leather armour    |    30 |    13 ||    43
         Robe              |       |     4 ||     4
  Dodge: Dodged            |    56 |    65 ||   121

Table legend: (Time is in decaauts)
 A = Elapsed time spent in this place.
 B = Non-inter-level travel time spent in this place.
 C = Inter-level travel time spent in this place.
 D = Time resting spent in this place.
 E = Time spent auto-exploring this place.
 F = Levels seen in this place.
 G = Mean time per level.
                   A        B        C        D        E       F      G
               +--------+--------+--------+--------+--------+-----+--------+
         Total |   2611 |   2526 |     85 |      0 |   1515 |   4 |  652.8 |
       Dungeon |   2611 |   2526 |     85 |      0 |   1515 |   4 |  652.8 |
               +--------+--------+--------+--------+--------+-----+--------+

Top non-repeatable levels by time:
     D:3: 838 daAuts
     D:1: 764 daAuts
     D:2: 632 daAuts
     D:4: 375 daAuts
